Workbook

Sheet 製造販売後調査に係る経費算出基準
A1: 社会医療法人宏潤会
A2: 使用成績調査、特定使用成績調査、副作用報告に関する経費算出基準について
A4: 46113
A6: 使用成績調査に係る経費算出基準
A7: ※使用成績調査とは、製造業者等が、製造販売後の医薬品について、薬事法第14条の4第4項に定める再審査の申請に関する資料の作成のために行う調査であって、日常の診療における当該医薬品の使用実態下で、当該医薬品を使用する患者を定めることなく、副作用による疾病等の種類別の発現状況など適正使用情報の把握のために行う調査をいう。
A9: ① 報告書作成経費
A10: 報告書作成経費の積算は、1症例1報告書当たりの単価に症例数を乗じたものとする。
A11: 算出基準：1症例1報告書当たり単価×症例数
A12: 〔1症例1報告書当たり単価【使用成績調査】＝20,000円〕
A13: ② 審査費用
A14: 治験審査委員会の審査経費：新規申請￥30000、変更・終了に関する審議￥10000、継続審査￥20000
A15: ③ 事務費：算出基準：上記経費 ① の 10%
A16: 当該研究に必要な：当該研究に必要な光熱水料、消耗品費、印刷製本費、通信運搬費、治験審査委員会等の事務処理に必要な経費、研究の進行の管理等に必要な経費。
A17: ④ 管理費：算出基準：上記経費（①＋②＋③）の 30%
A18: 技術料、機械損料、建物使用料、調査管理経費（症例検索のためのデータベース作成費等）、その他①に該当しない調査関連経費
... A47: 算出基準：上記経費（①＋②）の30%

Sheet 基本情報入力シート
A1: この基本情報入力シートに必要事項を入力してから、各シートの情報を入力してください。
A2: 自動計算しているセルは変更することができません。
A4: 製造販売後臨床調査（使用成績調査、特定使用成績調査）
A5: 依頼者名
A6: 実施施設名 | B6: 名鉄病院
A7: 医薬品名
A8: 課題名
A9: 実施予定症例数 | B9: 10 | C9: 症例
A10: 1症例あたりの報告数 | B10: 2 | C10: 報告
A11: 契約期間 | C11: ～
A12: 実施予定年数 | C12: 年 | E12: か月
A13: 実施科名
A14: 責任医師名
A16: 副作用報告
A17: 製薬会社名 | B17: アステラス製薬株式会社
A18: 施設名 | B18: 名鉄病院
A19: 医薬品名 | B19: パドセブ®
A20: 報告医師所属科名 | B20: 泌尿器科
A21: 報告医師名
A23: 担当者氏名 | B23: 田口 文
A24: 会社住所 | B24: 東京都港区高輪四丁目10番18号
A25: 会社電話番号 | B25: 070-3191-6950
A26: 担当者メールアドレス | B26: aya.taguchi@iqvia.com
A28: 1報告あたりの費用 | B28: 30000 | C28: 円
A29: 1症例1報告あたり、調査経費は原則3万円（税別）

Sheet 算出内訳書-使用成績調査
A1: 受託研究費算出内訳書 （使用成績調査）
B2: =NOW() -> 46106.642
B3: 整理番号 | F3: R-P | I3: 委託会社名 | N3: =基本情報入力シート!B5 -> 0
B4: 医薬品名 | F4: =基本情報入力シート!B7 -> 0
B5: 調査課題名 | F5: =基本情報入力シート!B8 -> 0
B6: 実施科名 | F6: =基本情報入力シート!B13 -> 0 | N6: 責任医師名 | S6: =基本情報入力シート!B14 -> 0
B7: 契約期間 | F7: =基本情報入力シート!B11 -> 0 | N7: ～ | O7: =基本情報入力シート!D11 -> 0
B8: 実施予定症例数 | G8: =基本情報入力シート!B9 -> 10 | I8: 症例 | N8: 1症例あたりの報告数 | S8: =基本情報入力シート!B10 -> 2 | V8: 報告
B9: 担当者氏名 | F9: =基本情報入力シート!B23 -> 田口 文 | N9: 担当者メアド | S9: =基本情報入力シート!B26 -> aya.taguchi@iqvia.com
B10: 会社住所 | F10: =基本情報入力シート!B24 -> 東京都港区高輪四丁目10番18号 | N10: 会社電話番号 | S10: =基本情報入力シート!B25 -> 070-3191-6950
B12: 経費項目 | G12: 積算内訳 | U12: 金額（円）
B13: 変動費 | C13: ①使用成績調査 | G13: 一般経費
G14: =G8 -> 10 | I14: 症例× | L14: =S8 -> 2 | N14: 報告× | P14: =基本情報入力シート!B28 -> 30000 | S14: 円＝ | U14: =L14*P14*G14 -> 600000 | Y14: 円
G15: その他 | Y15: 円
C16: ②消費税（①） | G16: （①×10％） | U16: =ROUNDUP((U14+U15)*0.1,) -> 60000 | Y16: 円
C17: ③小計 | G17: ①＋② | U17: =U14+U15+U16 -> 660000 | Y17: 円
B18: 固定費 | C18: ④審査費用 | G18: 〇 | H18: 初回審査 | N18: 変更・終了 審査 | R18: 継続審査 | U18: =IF($G18="〇",30000,(IF($M18="〇",10000,(IF($Q18="〇",20000,0))))) -> 30000 | Y18: 円
C19: ⑤消費税（④） | G19: （④×10％） | U19: =ROUNDUP(U18*0.1,) -> 3000 | Y19: 円
C20: ⑥事務費 | G20: （①×10％） | U20: =ROUNDUP(U14*0.1,) -> 60000 | Y20: 円
C21: ⑦消費税（⑥） | G21: （⑥×10％） | U21: =ROUNDUP(U20*0.1,) -> 6000 | Y21: 円
C22: ⑧管理費 | G22: （（①＋④＋⑥）×30％） | U22: =ROUNDUP((U14+U18+U20)*0.3,) -> 207000 | Y22: 円
C23: ⑨消費税（⑧） | G23: （⑧×10％） | U23: =ROUNDUP(U22*0.1,) -> 20700 | Y23: 円
C24: ⑩小計 | G24: （④＋⑤＋⑥＋⑦＋⑧＋⑨） | U24: =U18+U19+U20+U21+U23+U22 -> 326700 | Y24: 円
B25: 計 | G25: （③＋⑩） | U25: =U17+U24 -> 986700 | Y25: 円

Sheet 算出内訳書-特定使用成績調査
A1: 受託研究費算出内訳書 （特定使用成績調査）
B2: =NOW() -> 46106.642
B3: 整理番号 | F3: R-P | I3: 委託会社名 | N3: =基本情報入力シート!B5 -> 0
B4: 医薬品名 | F4: =基本情報入力シート!B7 -> 0
B5: 調査課題名 | F5: =基本情報入力シート!B8 -> 0
B6: 実施科名 | F6: =基本情報入力シート!B13 -> 0 | N6: 責任医師名 | S6: =基本情報入力シート!B14 -> 0
B7: 契約期間 | F7: =基本情報入力シート!B11 -> 0 | N7: ～ | O7: =基本情報入力シート!D11 -> 0
B8: 実施予定症例数 | G8: =基本情報入力シート!B9 -> 10 | I8: 症例 | N8: 1症例あたりの報告数 | S8: =基本情報入力シート!B10 -> 2 | V8: 報告
B9: 担当者氏名 | F9: =基本情報入力シート!B23 -> 田口 文 | N9: 担当者メアド | S9: =基本情報入力シート!B26 -> aya.taguchi@iqvia.com
B10: 会社住所 | F10: =基本情報入力シート!B24 -> 東京都港区高輪四丁目10番18号 | N10: 会社電話番号 | S10: =基本情報入力シート!B25 -> 070-3191-6950
B12: 経費項目 | G12: 積算内訳 | U12: 金額（円）
B13: 変動費 | C13: ①使用成績調査 | G13: 一般経費
G14: =G8 -> 10 | I14: 症例× | L14: =S8 -> 2 | N14: 報告× | P14: =基本情報入力シート!B28 -> 30000 | S14: 円＝ | U14: =L14*P14*G14 -> 600000 | Y14: 円
G15: その他 | Y15: 円
C16: ②消費税（①） | G16: （①×10％） | U16: =ROUNDUP((U14+U15)*0.1,) -> 60000 | Y16: 円
C17: ③小計 | G17: ①＋② | U17: =U14+U15+U16 -> 660000 | Y17: 円
B18: 固定費 | C18: ④審査費用 | G18: 〇 | H18: 初回審査 | N18: 変更・終了 審査 | R18: 継続審査 | U18: =IF($G18="〇",30000,(IF($M18="〇",10000,(IF($Q18="〇",20000,0))))) -> 30000 | Y18: 円
C19: ⑤消費税（④） | G19: （④×10％） | U19: =ROUNDUP(U18*0.1,) -> 3000 | Y19: 円
C20: ⑥事務費 | G20: （①×10％） | U20: =ROUNDUP(U14*0.1,) -> 60000 | Y20: 円
C21: ⑦消費税（⑥） | G21: （⑥×10％） | U21: =ROUNDUP(U20*0.1,) -> 6000 | Y21: 円 | AL21: ‐
C22: ⑧管理費 | G22: （（①＋④＋⑥）×30％） | U22: =ROUNDUP((U14+U18+U20)*0.3,) -> 207000 | Y22: 円
C23: ⑨消費税（⑧） | G23: （⑧×10％） | U23: =ROUNDUP(U22*0.1,) -> 20700 | Y23: 円
C24: ⑩小計 | G24: （④＋⑤＋⑥＋⑦＋⑧＋⑨） | U24: =U18+U19+U20+U21+U23+U22 -> 326700 | Y24: 円
B25: 計 | G25: （③＋⑩） | U25: =U17+U24 -> 986700 | Y25: 円

Sheet 算出内訳書-副作用報告
A1: 受託研究費算出内訳書 （副作用報告）
B2: =NOW() -> 46106.642
B3: 整理番号 | F3: R-PAE | I3: 委託会社名 | N3: =基本情報入力シート!B17 -> アステラス製薬株式会社
B4: 医薬品、医療機器名 | F4: =基本情報入力シート!B19 -> パドセブ®
B5: 報告医師科名 | F5: =基本情報入力シート!B20 -> 泌尿器科 | N5: 報告医師名 | S5: =基本情報入力シート!B21 -> 0
B6: 担当者氏名 | F6: =基本情報入力シート!B23 -> 田口 文 | N6: 担当者メアド | S6: =基本情報入力シート!B26 -> aya.taguchi@iqvia.com
B7: 会社住所 | F7: =基本情報入力シート!B24 -> 東京都港区高輪四丁目10番18号 | N7: 会社電話番号 | S7: =基本情報入力シート!B25 -> 070-3191-6950
B9: 経費項目 | G9: 積算内訳 | U9: 金額（円）
B10: 変動費 | C10: ①調査票 作成経費 | G10: 一般経費
P11: 15000 | S11: 円＝ | U11: =P11 -> 15000 | Y11: 円
G12: その他 | Y12: 円
C13: ②消費税（①） | G13: （①×10％） | U13: =ROUNDUP((U11+U12)*0.1,) -> 1500 | Y13: 円
C14: ③小計 | G14: ①＋② | U14: =U11+U12+U13 -> 16500 | Y14: 円
B15: 固定費 | C15: ④審査費用 | U15: 8076 | Y15: 円
C16: ⑤消費税（④） | G16: （④×10％） | U16: =ROUNDUP(U15*0.1,) -> 808 | Y16: 円
C17: ⑥管理費 | G17: （（①＋④）×30％） | U17: =ROUNDUP((U11+U12+U15)*0.3,) -> 6923 | Y17: 円
C18: ⑦消費税（⑥） | G18: （⑥×10％） | U18: =ROUNDUP(U17*0.1,) -> 693 | Y18: 円
C19: ⑧小計 | G19: （④＋⑤＋⑥＋⑦） | U19: =U15+U16+U17+U18 -> 16500 | Y19: 円
B20: 計 | G20: （③＋⑧） | U20: =U14+U19 -> 33000 | Y20: 円

Sheet 変更・継続審査審議費用
A1: 受託研究費算出内訳書 （変更・継続審査審議費用）
B2: =NOW() -> 46106.642
B3: 整理番号 | F3: R-P | I3: 委託会社名 | N3: =基本情報入力シート!B5 -> 0
B4: 医薬品名 | F4: =基本情報入力シート!B7 -> 0
B5: 調査課題名 | F5: =基本情報入力シート!B8 -> 0
B6: 実施科名 | F6: =基本情報入力シート!B13 -> 0 | N6: 責任医師名 | S6: =基本情報入力シート!B14 -> 0
B7: 契約期間 | F7: =基本情報入力シート!B11 -> 0 | N7: ～ | O7: =基本情報入力シート!D11 -> 0
B8: 実施予定症例数 | G8: =基本情報入力シート!B9 -> 10 | I8: 症例 | N8: 1例あたりの報告数 | S8: =基本情報入力シート!B10 -> 2 | V8: 報告
B9: 担当者氏名 | F9: =基本情報入力シート!B23 -> 田口 文 | N9: 担当者メアド | S9: =基本情報入力シート!B26 -> aya.taguchi@iqvia.com
B10: 会社住所 | F10: =基本情報入力シート!B24 -> 東京都港区高輪四丁目10番18号 | N10: 会社電話番号 | S10: =基本情報入力シート!B25 -> 070-3191-6950
B12: 経費項目 | G12: 積算内訳 | U12: 金額（円）
B13: 変動費 | C13: ①調査票 作成経費 | G13: 一般経費
I14: 症例× | N14: 報告× | S14: 円＝ | U14: 0 | Y14: 円
G15: その他 | U15: 0 | Y15: 円
C16: ②消費税（①） | G16: （①×10％） | U16: =ROUNDUP((U14+U15)*0.1,) -> 0 | Y16: 円
C17: ③小計 | G17: ①＋② | U17: 0 | Y17: 円
B18: 固定費 | C18: ④審査費用 | H18: 初回審査 | M18: 〇 | N18: 変更・終了 審査 | R18: 継続審査 | U18: =IF($G18="〇",30000,(IF($M18="〇",10000,(IF($Q18="〇",20000,0))))) -> 10000 | Y18: 円
C19: ⑤消費税（④） | G19: （④×10％） | U19: =ROUNDUP(U18*0.1,) -> 1000 | Y19: 円
C20: ⑥管理費 | G20: （④×30％） | U20: =ROUNDUP((U14+U15+U18)*0.3,) -> 3000 | Y20: 円
C21: ⑦消費税（⑥） | G21: （⑥×10％） | U21: =ROUNDUP(U20*0.1,) -> 300 | Y21: 円
C22: ⑧小計 | G22: （④＋⑤＋⑥＋⑦） | U22: =U18+U19+U20+U21 -> 14300 | Y22: 円
B23: 計 | G23: （③＋⑧） | U23: =U17+U22 -> 14300 | Y23: 円

Sheet 登録のみ
A1: 受託研究費算出内訳書 （登録のみ）
B2: =NOW() -> 46106.642
B3: 整理番号 | F3: R-P | I3: 委託会社名 | N3: =基本情報入力シート!B5 -> 0
B4: 医薬品名 | F4: =基本情報入力シート!B7 -> 0
B5: 調査課題名 | F5: =基本情報入力シート!B8 -> 0
B6: 実施科名 | F6: =基本情報入力シート!B13 -> 0 | N6: 責任医師名 | S6: =基本情報入力シート!B14 -> 0
B7: 契約期間 | F7: =基本情報入力シート!B11 -> 0 | N7: ～ | O7: =基本情報入力シート!D11 -> 0
B8: 実施予定症例数 | G8: =基本情報入力シート!B9 -> 10 | I8: 症例 | N8: 1例あたりの報告数 | S8: =基本情報入力シート!B10 -> 2 | V8: 報告
B9: 担当者氏名 | F9: =基本情報入力シート!B23 -> 田口 文 | N9: 担当者メアド | S9: =基本情報入力シート!B26 -> aya.taguchi@iqvia.com
B10: 会社住所 | F10: =基本情報入力シート!B24 -> 東京都港区高輪四丁目10番18号 | N10: 会社電話番号 | S10: =基本情報入力シート!B25 -> 070-3191-6950
B12: 経費項目 | G12: 積算内訳 | U12: 金額（円）
B13: 変動費 | C13: ①調査票 作成経費 | G13: 一般経費
I14: 症例× | N14: 報告× | S14: 円＝ | U14: 0 | Y14: 円
G15: その他 | U15: 0 | Y15: 円
C16: ②消費税（①） | G16: （①×10％） | U16: =ROUNDUP((U14+U15)*0.1,) -> 0 | Y16: 円
C17: ③小計 | G17: ①＋② | U17: 0 | Y17: 円
B18: 固定費 | C18: ④審査費用 | G18: 〇 | H18: 初回審査 | N18: 変更・終了 審査 | R18: 継続審査 | U18: =IF($G18="〇",30000,(IF($M18="〇",10000,(IF($Q18="〇",20000,0))))) -> 30000 | Y18: 円
C19: ⑤消費税（④） | G19: （④×10％） | U19: =ROUNDUP(U18*0.1,) -> 3000 | Y19: 円
C20: ⑥管理費 | G20: （④×30％） | U20: =ROUNDUP((U14+U15+U18)*0.3,) -> 9000 | Y20: 円
C21: ⑦消費税（⑥） | G21: （⑥×10％） | U21: =ROUNDUP(U20*0.1,) -> 900 | Y21: 円
C22: ⑧小計 | G22: （④＋⑤＋⑥＋⑦） | U22: =U18+U19+U20+U21 -> 42900 | Y22: 円
B23: 計 | G23: （③＋⑧） | U23: =U17+U22 -> 42900 | Y23: 円
